 Dungeon Crawl Stone Soup version 0.18-a0-1773-gec4f98e (webtiles) character file.

20 M4edhros the Grave Robber (level 2, -1/17 HPs)
             Began as an Octopode Necromancer on Apr 14, 2016.
             Slain by a jackal (3 damage)
             ... on level 1 of the Dungeon.
             The game lasted 00:08:00 (724 turns).

M4edhros the Grave Robber (Octopode Necromancer)     Turns: 724, Time: 00:08:01

Health: -1/17      AC:  1    Str:  7    XL:     2   Next: 79%
Magic:  2/5        EV: 12    Int: 17    God:
Gold:   36         SH:  0    Dex: 12    Spells: 1 memorised, 4 levels left

rFire  . . .     SeeInvis .       - Unarmed
rCold  . . .     Gourm    .     (no shield)
rNeg   . . .     Faith    .     (helmet restricted)
rPois  .         Spirit   .     (no amulet)
rElec  .         Dismiss  .     (no ring)
rCorr  .         Reflect  .     (no ring)
SustAt .         Harm     .     (no ring)
MR     .....                    (no ring)
Stlth  +++.......               (no ring)
                                (no ring)
                                (no ring)
                                (no ring)

@: not resistant to hostile enchantments, fairly stealthy
A: almost no armour, amphibious, 8 rings, constrict 8, camouflage 1, gelatinous
body 1
a: no special abilities


You were on level 1 of the Dungeon.
You were not hungry.

You visited 1 branch of the dungeon, and saw 2 of its levels.

You collected 36 gold pieces.

Inventory:

Missiles
 d - 38 stones (quivered)
Scrolls
 e - 2 scrolls of enchant armour {unknown}
 f - a scroll of enchant weapon {unknown}
 g - a scroll of remove curse {unknown}
Potions
 c - a potion of flight {unknown}
 i - a potion of ambrosia {unknown}
Books
 a - a book of Necromancy

   Spells                             Type                      Level
   a - Pain                           Necromancy                   1
   b - Animate Skeleton               Necromancy                   1
   c - Vampiric Draining              Necromancy                   3
   d - Regeneration                   Charms/Necromancy            3
   e - Animate Dead                   Necromancy                   4
   f - Control Undead                 Necromancy                   4
Comestibles
 b - a bread ration
 h - 8 chunks of flesh


   Skills:
 - Level 2.0 Dodging
 - Level 2.6 Stealth
 + Level 2.3 Unarmed Combat
 - Level 2.0 Spellcasting
 - Level 4.0 Necromancy


You had 4 spell levels left.
You knew the following spells:

 Your Spells              Type           Power        Failure   Level  Hunger
a - Pain                  Necr           ###.         3%          1    #......


Dungeon Overview and Level Annotations

Branches:
Dungeon (2/15)

Altars:


Innate Abilities, Weirdness & Mutations

You cannot wear most types of armour.
You are amphibious.
You can wear up to eight rings at the same time.
You can use your tentacles to constrict eight enemies at once.
Your skin changes colour to match your surroundings (Stealth).
Your rubbery body absorbs attacks (AC +1).


Message History

The giant newt convulses in agony!
Casting: Pain
Confirm with . or Enter, or press ? or * to list all spells.
Aiming: Pain
Press: ? - help, Shift-Dir - straight line, f/p - giant newt
Aim: a giant newt (heavily wounded, chance to defeat MR: 92%)
The giant newt convulses in agony!
You kill the giant newt!
You see here a giant newt corpse.
You butcher the giant newt corpse.
h - 8 chunks of flesh (gained 1)
A giant newt comes into view.
A jackal comes into view.
A jackal comes into view.
The jackal barks!
There is an open door here.
The jackal barks!
You hear a bark!
Which direction?
You close the door.
The jackal bites you.
You die...

#........# .....
#........#.. .....
#........h.. ....
#.....h.... #..
#........### # #..
####.###......#.# #..
#....# #......#.## ###
#...h###..........#####
#....+@h........# #....
#....###......###.#....
#....# #......'...#####
#....# #..†...### #....
#....# ###'#### #.###
###### #.# #.# #.# #.#
#.# #.# #.### #.#


You could see a jackal.

Vanquished Creatures
  5 goblins (D:1)
  3 hobgoblins (D:1)
  2 jackals
  A ball python (D:1)
  2 bats (D:1)
  2 giant newts (D:1)
  2 kobolds (D:1)
  A rat (D:1)
18 creatures vanquished.

Notes
Turn   | Place    | Note
--------------------------------------------------------------
     0 | D:1      | M4edhros the Octopode Necromancer began the quest for the Orb.
     0 | D:1      | Reached XP level 1. HP: 11/11 MP: 3/3
   254 | D:1      | Reached skill level 1 in Unarmed Combat
   399 | D:1      | Reached XP level 2. HP: 12/17 MP: 3/5
   724 | D:1      | Slain by a jackal

Vault maps used:
D:1:      dpeg_arrival_castle
D:2:      gammafunk_temple_overflow_elements

Skill      XL: |  1  2 |
---------------+-------+-----
Unarmed Combat | 1 2 |  2.3
Dodging        | |  2.0
Stealth        | |  2.6
Spellcasting   | |  2.0
Necromancy     | |  4.0

Action                   || total
-------------------------++-------
Melee: Unarmed           ||     9
       Constrict         ||     2
       Tentacles         ||     2
 Cast: Pain              ||    31
 Stab: Sleeping          ||     1
Dodge: Dodged            ||     5
